 Dungeon Crawl Stone Soup version 0.27.0-1-g7a089689b8 (webtiles) character file.

Game seed: 213307567430340226

58 sanka the Sneak (level 3, 0/21 HPs)
             Began as a Deep Elf Brigand on Aug 7, 2021.
             Was a Follower of Makhleb.
             Slain by a gnoll (6 damage)
             ... on level 2 of the Dungeon.
             The game lasted 00:02:17 (2005 turns).

sanka the Sneak (Deep Elf Brigand)                  Turns: 2005, Time: 00:02:17

Health: 0/21       AC:  3    Str:  8    XL:     3   Next: 75%
Magic:  5/5        EV: 14    Int: 16    God:    Makhleb [*.....]
Gold:   21         SH:  0    Dex: 16    Spells: 2/2 levels left

rFire    . . .     SeeInvis .   a - +2 dagger
rCold    . . .     Faith    .   (no shield)
rNeg     . . .     Spirit   .   b - +0 robe
rPois    .         Reflect  .   (no helmet)
rElec    .         Harm     .   c - +0 cloak
rCorr    .         Rampage  .   (no gloves)
Will     .....                  (no boots)
Stlth    +++.......             (no amulet)
HPRegen  0.07/turn              (no ring)
MPRegen  0.09/turn              (no ring)

@: no status effects
A: no striking features
a: Renounce Religion


You were on level 2 of the Dungeon.
You worshipped Makhleb.
Makhleb was aware of your devotion.
You visited 1 branch of the dungeon, and saw 2 of its levels.

You collected 21 gold pieces.


   Skills:
 - Level 2.0 Fighting
 - Level 2.0 Short Blades
 - Level 2.0 Throwing
 + Level 4.1 Dodging
 - Level 4.8 Stealth


You had 2 spell levels left.
You didn't know any spells.
Your spell library was empty.

Inventory:

Hand Weapons
 a - a +2 dagger (weapon)
Missiles
 d - a poisoned dart (quivered)
 e - 2 curare-tipped darts {=f}
Armour
 b - a +0 robe (worn)
 c - a +0 cloak (worn)
Scrolls
 g - 2 scrolls of identify {unknown}
 i - 2 scrolls of blinking {unknown}
 j - a scroll of fear {unknown}
Potions
 f - a potion of invisibility {unknown}
 h - a potion of flight {unknown}

Dungeon Overview and Level Annotations

Branches:
Dungeon (2/15)

Altars:
Makhleb

▒.>.......▒ ..
▒.........▒▒▒▒▒.▒
▒...†.<......▒..▒▒▒▒▒
▒........)▒▒.▒(.▒....
▒▒▒▒...▒▒▒▒▒..(...▒▒▒
▒..▒..▒ ▒▒▒.).....▒
▒.▒▒▒.▒▒▒.....▒▒▒...
▒. ▒▒.▒....▒▒.▒ ▒▒
▒.▒▒....▒..▒▒e▒
▒.....▒▒▒.▒▒▒g▒ ▒
▒..........▒▒.▒ ..
▒..........▒▒.▒ ...
▒..........▒▒.▒▒....
▒....................
▒.........÷▒..▒▒.....
▒..........▒÷▒▒ .[..
▒............▒▒ ...


You could see a gnoll.


Message History

The gnoll hits you with a +0 whip.
You hit the gnoll.
The gnoll is moderately wounded.
The gnoll closely misses you.
You barely miss the gnoll.
The gnoll is moderately wounded.
You hit the gnoll.
The gnoll is severely wounded.
The gnoll hits you with a +0 whip.
You hit the gnoll.
The gnoll is almost dead.
The gnoll hits you with a +0 whip!
* * * LOW HITPOINT WARNING * * *
Found a barding.
Throw: 4 darts (poison)
Aim: a gnoll, wielding a +0 whip (almost dead, 65% to hit)
You throw a poisoned dart.
The poisoned dart closely misses the gnoll.
The gnoll closely misses you.
Throw: 3 darts (poison)
Aim: a gnoll, wielding a +0 whip (almost dead, 65% to hit)
You throw a poisoned dart.
The poisoned dart barely misses the gnoll.
The gnoll closely misses you.
Throw: 2 darts (poison)
Aim: a gnoll, wielding a +0 whip (almost dead, 65% to hit)
You throw a poisoned dart.
The poisoned dart barely misses the gnoll.
The gnoll hits you with a +0 whip.
You die...

Action                   || total
-------------------------++-------
Melee: Dagger            ||   130
Throw: Dart              ||     7
 Stab: Sleeping          ||     7
Armor: Robe              ||    20
Dodge: Dodged            ||    71

Levels and vault maps discovered:
D:1:      dpeg_arrival_line_fractal, layout_basic,
          ebering_ecumenical_altar_sacrificial
D:2:      layout_rooms, minmay_door_square

Notes
Turn   | Place    | Note
-------+----------+-------------------------------------------
     0 | D:1      | sanka the Deep Elf Brigand began the quest for the Orb.
     0 | D:1      | Reached XP level 1. HP: 12/12 MP: 3/3
   281 | D:1      | Reached skill level 2 in Dodging
   348 | D:1      | Reached XP level 2. HP: 13/17 MP: 4/4
   423 | D:1      | Reached skill level 2 in Fighting
   687 | D:1      | Found a faded altar of an unknown god.
   696 | D:1      | Became a worshipper of Makhleb the Destroyer
   696 | D:1      | Reached * piety under Makhleb
  1140 | D:1      | Reached skill level 3 in Dodging
  1196 | D:1      | Reached XP level 3. HP: 16/21 MP: 5/5
  1978 | D:2      | Reached skill level 4 in Dodging
  2005 | D:2      | Slain by a gnoll

Vanquished Creatures
  An adder (D:2)
  A gnoll (D:2)
  6 ball pythons
  5 endoplasms
  2 giant cockroaches (D:1)
  2 goblins (D:1)
  6 hobgoblins
  2 jackals (D:1)
  2 kobolds (D:1)
  3 quokkas
  A bat (D:2)
  3 frilled lizards (D:1)
34 creatures vanquished.
